 Dungeon Crawl Stone Soup version 0.28.0-53-g5a82cb258f (console) character file.

Game seed: 5457474899155890211

147 erker the Sneak (level 5, -4/33 HPs)
             Began as an Octopode Transmuter on July 4, 2022.
             Slain by a hound (5 damage)
             ... on level 5 of the Dungeon.
             The game lasted 00:10:38 (2857 turns).

erker the Sneak (Octopode Transmuter)               Turns: 2857, Time: 00:10:38

Health: -4/33      AC:  1    Str: 10    XL:     5   Next: 29%
Magic:  7/8        EV: 17    Int: 17    God:
Gold:   103        SH:  0    Dex: 12    Spells: 3/8 levels left

rFire   . . .      SeeInvis .     - Unarmed
rCold   . . .      Faith    .   (no shield)
rNeg    . . .      Spirit   .   (helmet currently unavailable)
rPois   +          Reflect  .   (no amulet)
rElec   .          Harm     .   f - +4 ring of evasion
rCorr   .          Rampage  .   (no ring)
Will    .....                   (no ring)
Stlth   +++.......              (no ring)
HPRegen 0.11/turn               (no ring)
MPRegen 0.11/turn               (no ring)
                                (no ring)
                                (no ring)

@: appendages (expiring), hasted, very quick
A: tentacle spike 3, almost no armour, amphibious, 8 rings, camouflage 1,
gelatinous body 1, (nimble swimmer 1), tentacles, fangs 1, poison resistance
a: End Transformation


You were on level 5 of the Dungeon.
One of your tentacles had grown a beastly spike.
You visited 1 branch of the dungeon, and saw 5 of its levels.

You collected 103 gold pieces.

Inventory:

Hand Weapons
 a - a +0 dagger
 d - a +0 hand crossbow
 g - a +1 vampiric hand axe
Missiles
 e - 64 stones
 i - 12 bolts
 l - 4 poisoned darts
 m - 5 boomerangs
Jewellery
 f - a +4 ring of evasion (left tentacle)
Wands
 p - a wand of polymorph (10)
Scrolls
 b - a scroll of silence {unknown}
 c - a scroll of teleportation {unknown}
 h - a scroll of holy word {unknown}
 j - a scroll of identify {unknown}
 n - a scroll of enchant armour {unknown}
 o - a scroll of fog {unknown}
Potions
 k - a potion of haste


   Skills:
 - Level 1.0 Fighting
 - Level 2.0 Dodging
 - Level 4.0 Stealth
 - Level 3.0 Unarmed Combat
 - Level 2.0 Spellcasting
 + Level 3.6 Transmutations
 * Level 2.1 Ice Magic


You had 3 spell levels left.
You knew the following spells:

 Your Spells              Type           Power      Damage    Failure   Level
a - Beastly Appendage     Tmut           28%        N/A       4%          1
y - Ice Form              Ice/Tmut       11%        N/A       52%         4

Your spell library contained the following spells:

 Spells                   Type           Power      Damage    Failure   Level
 Wereblood                Tmut           14%        N/A       7%          2
 Spider Form              Tmut/Pois      7%         N/A       28%         3
 Iskenderun's Battlesphe  Conj           1%         2d6       99%         5
 Iron Shot                Conj/Erth      0%         9d1       100%        6
 Spellforged Servitor     Conj/Summ      0%         N/A       100%        7


Dungeon Overview and Level Annotations

Branches:
Dungeon (5/15)
 Temple: D:4-7

Altars:
Ashenzari
Gozag

Annotations:
D:2 Terence
D:3 Sigmund
D:4 exclusion: ogre


Innate Abilities, Weirdness & Mutations

One of your tentacles has grown a beastly spike.
You cannot wear most types of armour.
You are amphibious.
You can wear up to eight rings at the same time.
Your skin changes colour to match your surroundings (Stealth+).
Your rubbery body absorbs attacks. (AC +1, EV +1)
((You are camouflaged when in or above water. (Stealth+)))
You have tentacles for arms and can constrict up to eight enemies at once.
You have very sharp teeth.
Your system is resistant to poisons. (rPois)


Message History

You tentacle-slap the orc priest. You grab the orc priest.
You pierce the orc priest, but do no damage.
You squeeze the orc priest.
The orc priest is heavily wounded.
You constrict the orc priest, but do no damage.
The hound barely misses you.
The orc priest struggles to escape constriction.
You tentacle-slap the orc priest.
The orc priest is heavily wounded.
You hear the slow rusting of a very distant drain.
You constrict the orc priest, but do no damage.
The hound bites you.
* * * LOW HITPOINT WARNING * * *
An orc comes into view. It is wielding a +0 club.
The orc priest completely misses you. The hound misses you.
You tentacle-slap the orc priest.
The orc priest is severely wounded.
Your transformation is almost over.
You constrict the orc priest. The hound barely misses you.
The orc priest struggles to escape constriction.
It was a potion of haste.
You feel yourself speed up.
You constrict the orc priest. The hound completely misses you.
The orc priest escapes!
The hound closely misses you.
You tentacle-slap the orc priest but do no damage.
You grab the orc priest.
You pierce the orc priest.
You kill the orc priest!
The hound misses you.
Your Ice Magic skill increases to level 2!
You barely miss the orc. You grab the orc. You constrict the orc.
The hound closely misses you.
You tentacle-slap the hound. Your grab misses the hound.
The hound is lightly wounded.
You constrict the orc. The orc hits you with a +0 club.
* * * LOW HITPOINT WARNING * * *
The hound bites you.
* * * LOW HITPOINT WARNING * * *
It was a potion of mutation.
You feel extremely strange.
Your teeth lengthen and sharpen.
You feel resistant to poisons.
You constrict the orc. The hound bites you.
You die...

##########..# #... # ..#
............###..#.#...#
##########.>.##..#.#...#
#.....#..#....Z.
#..............#
#.†...#.Z......>
##...###o#.###. #####
#h# # #@# #)o......
#########


You could see a hound, 2 orcs and a bullfrog skeleton.

Vanquished Creatures
  An orc priest (D:5)
  A centaur skeleton (D:4)
  4 adders
  An ufetubus (D:4)
  A dart slug (D:1)
  4 orcs
  8 endoplasms
  3 giant cockroaches
  A goblin (D:1)
  2 hobgoblins (D:3)
  2 jackals (D:3)
  2 quokkas
  2 ball pythons (D:3)
  2 bats
  A frilled lizard (D:3)
  5 kobolds
40 creatures vanquished.

Notes
Turn   | Place    | Note
-------+----------+-------------------------------------------
     0 | D:1      | erker the Octopode Transmuter began the quest for the Orb.
     0 | D:1      | Reached XP level 1. HP: 13/13 MP: 3/3
    92 | D:1      | Reached skill level 1 in Stealth
   289 | D:1      | Reached skill level 2 in Stealth
   321 | D:1      | Reached XP level 2. HP: 18/18 MP: 3/5
   353 | D:1      | Found a faded altar of an unknown god.
   786 | D:2      | Reached skill level 3 in Stealth
   966 | D:2      | Noticed Terence
  1019 | D:3      | Reached XP level 3. HP: 23/23 MP: 4/6
  1033 | D:3      | Reached skill level 4 in Stealth
  1074 | D:3      | Found a broken altar of Ashenzari.
  1126 | D:3      | HP: 1/23 [jackal (3)]
  1560 | D:3      | Reached XP level 4. HP: 20/28 MP: 5/7
  1565 | D:3      | Learned a level 4 spell: Ice Form
  1699 | D:3      | Noticed Sigmund
  2482 | D:4      | Noticed an ogre
  2661 | D:4      | Reached skill level 1 in Ice Magic
  2750 | D:4      | Noticed an ogre
  2761 | D:4      | Found an opulent altar of Gozag.
  2801 | D:5      | Entered Level 5 of the Dungeon
  2846 | D:5      | Reached XP level 5. HP: 27/33 MP: 6/8
  2856 | D:5      | HP: 1/33 [hound (5)]
  2857 | D:5      | Gained mutation: You have very sharp teeth. [potion of
                  | mutation]
  2857 | D:5      | Gained mutation: Your system is resistant to poisons.
                  | (rPois) [potion of mutation]
  2857 | D:5      | Slain by a hound

Illustrated notes

Levels and vault maps discovered:
D:1:      saegor_arrival_simple_c, layout_loops_ring, basic_ecumenical_altar
D:2:      layout_loops_ring, basic_altar, kennysheep_donut, serial_bayou_pond_a,
          minmay_pentomino_r4, uniq_terence
D:3:      layout_loops_ring, trog_book, cheibrodos_ashenzari_chains,
          uniq_sigmund
D:4:      layout_cave_pools, grunt_gozag_statues, serial_shops, shop,
          kennysheep_generic_room_7
D:5:      layout_loops_ring, gup_sewer_entry_bubbles

Skill      XL: |  1  2  3  4  5 |
---------------+----------------+-----
Stealth        | 2 3 4 |  4.0
Transmutations | 3 |  3.6
Ice Magic      | 1 2 |  2.1
Fighting       | |  1.0
Dodging        | |  2.0
Unarmed Combat | |  3.0
Spellcasting   | |  2.0

Action                   |  1- 3 |  4- 6 || total
-------------------------+-------+-------++-------
Melee: Unarmed           |    47 |    43 ||    90
       Kick              |    13 |    13 ||    26
       Constrict         |    11 |    10 ||    21
       Tentacles         |    14 |     8 ||    22
       Punch             |     3 |     3 ||     6
 Cast: Beastly Appendage |    19 |     8 ||    27
  Use: Potion            |     2 |     2 ||     4
 Stab: Sleeping          |     9 |     5 ||    14
Armor: Skin              |     5 |     1 ||     6
Dodge: Dodged            |    34 |    39 ||    73
